 Dungeon Crawl Stone Soup version 0.25.1-8-g42b30a86e7 (webtiles) character file.

Game seed: 4970165856345520933

22 Abzac the Grave Robber (level 2, -1/15 HPs)
             Began as a Deep Elf Necromancer on Dec 18, 2020.
             Slain by a jackal (3 damage)
             ... on level 1 of the Dungeon.
             The game lasted 00:02:11 (999 turns).

Abzac the Grave Robber (Deep Elf Necromancer)        Turns: 999, Time: 00:02:12

Health: -1/15      AC:  2    Str:  5    XL:     2   Next: 68%
Magic:  3/8        EV: 13    Int: 19    God:
Gold:   21         SH:  0    Dex: 15    Spells: 7/8 levels left

rFire    . . .     SeeInvis .   (no weapon)
rCold    . . .     Gourm    .   (no shield)
rNeg     . . .     Faith    .   a - +0 robe
rPois    .         Spirit   .   (no helmet)
rElec    .         Reflect  .   (no cloak)
rCorr    .         Harm     .   (no gloves)
MR       .....                  (no boots)
Stlth    ++........             (no amulet)
HPRegen  0.05/turn              (no ring)
MPRegen  0.11/turn              (no ring)

@: very slightly contaminated
A: no striking features
a: no special abilities


You were on level 1 of the Dungeon.
You were not hungry.

You visited 1 branch of the dungeon, and saw 1 of its levels.

You collected 21 gold pieces.

Inventory:

Hand Weapons
 f - a cursed -1 whip
Armour
 a - a +0 robe (worn)
Scrolls
 b - a scroll of enchant weapon {unknown}
 g - a scroll of remove curse {unknown}
 h - a scroll of identify {unknown}
Potions
 e - a potion of stabbing {unknown}
Comestibles
 c - 2 rations
 d - a chunk of flesh


   Skills:
 - Level 2.4 Dodging
 - Level 2.4 Stealth
 + Level 3.5 Spellcasting
 * Level 5.5 Necromancy


You had 7 spell levels left.
You knew the following spells:

 Your Spells              Type           Power        Failure   Level  Hunger
a - Pain                  Necr           ###.         1%          1    None

Your spell library contained the following spells:

 Spells                   Type           Power        Failure   Level  Hunger
 Animate Skeleton         Necr           N/A          1%          1    None
 Vampiric Draining        Necr           ###.......   4%          3    ###....
 Animate Dead             Necr           N/A          14%         4    ####...
 Agony                    Necr           ###.....     38%         5    ######.


Dungeon Overview and Level Annotations

Branches:
Dungeon (1/15)

Altars:


Message History

The jackal writhes in agony.
You kill the jackal!
A frilled lizard comes into view.
The jackal misses you. The jackal bites you. The jackal bites you.
* * * LOW HITPOINT WARNING * * *
There is an open door here.
Casting: Pain (safe; 1% risk of failure)
Confirm with . or Enter, or press ? or * to list all spells.
Aiming: Pain (safe; 1% risk of failure)
Press: ? - help, Shift-Dir - straight line, f - jackal
Aim: a jackal (chance to defeat MR: 93%)
The jackal barely resists.
The frilled lizard hisses angrily.
The jackal bites you.
* * * LOW HITPOINT WARNING * * *
The jackal barely misses you. The jackal bites you.
You die...

#..#......+...'..................
#..########...##.#...........#.##
#..#############.#.#########.#.##
#....................# #.#.#.
#.........)....#.#.### #.#.#.
############.#.#.#.# #.#.#.
...................#########.#.#.
.#############.................'.
............÷s.h@........###.#.#.
............l#.#########.# #.#.#.
.###########'### #.# #.#.## .#
........l.######## #.# #.#.## ##
.................###.# #.#...
...........###.).....# #.####
........l..# #.......# #.#
...........# #.......# # ##
########'#.# #.....[.# #.###.


You could see a jackal, a giant cockroach and a frilled lizard.

Vanquished Creatures
  An ooze (D:1)
  A leopard gecko (D:1)
  2 bats (D:1)
  A hobgoblin (D:1)
  A jackal (D:1)
  5 kobolds (D:1)
  2 frilled lizards (D:1)
  A goblin (D:1)
  4 rats (D:1)
18 creatures vanquished.

Vanquished Creatures (others)
  4 toadstools (D:1)
4 creatures vanquished.

Grand Total: 22 creatures vanquished

Notes
Turn   | Place    | Note
-------+----------+-------------------------------------------
     0 | D:1      | Abzac the Deep Elf Necromancer began the quest for the Orb.
     0 | D:1      | Reached XP level 1. HP: 10/10 MP: 6/6
    29 | D:1      | Reached skill level 5 in Necromancy
   185 | D:1      | Reached XP level 2. HP: 11/15 MP: 2/8
   999 | D:1      | Slain by a jackal

Illustrated notes

Levels and vault maps discovered:
D:1:      ldierk_water_garden, layout_basic

Skill      XL: |  1 |
---------------+----+-----
Necromancy     | 5 |  5.5
Dodging        | |  2.4
Stealth        | |  2.4
Spellcasting   | |  3.5

Action                   || total
-------------------------++-------
 Cast: Pain              ||    34
Armor: Robe              ||     1
Dodge: Dodged            ||     6
